 Dungeon Crawl Stone Soup version 0.25-a0-565-g8875c97ebb (webtiles) character file.

Game seed: 7914588545900391680, levelgen mode: deterministic

1611 Mrkan the Basher (level 8, -9/52 HPs)
             Began as a Gargoyle Monk on Feb 26, 2020.
             Was a Priest of Ashenzari.
             Mangled by a cyclops (24 damage)
             ... on level 8 of the Dungeon.
             The game lasted 00:09:16 (6992 turns).

Mrkan the Basher (Gargoyle Monk)                    Turns: 6992, Time: 00:09:17

Health: -9/52      AC: 15    Str: 16    XL:     8   Next: 95%
Magic:  8/8        EV: 10    Int: 12    God:    Ashenzari [***...]
Gold:   503        SH:  0    Dex: 14    Spells: 7/7 levels left

rFire    . . .     SeeInvis +   x - +1 whip (freeze) (curse)
rCold    . . .     Gourm    .   (no shield)
rNeg     + . .     Faith    .   p - +1 scale mail
rPois    ∞         Spirit   .   (no helmet)
rElec    +         Reflect  .   j - +0 cloak
rCorr    .         Harm     .   (no gloves)
MR       +....                  (no boots)
Stlth    +.........             (no amulet)
HPRegen  0.17/turn              d - +2 ring of dexterity
MPRegen  0.11/turn              t - ring of protection from magic

@: no status effects
A: negative energy resistance 1, electricity resistance, unbreathing,
petrification resistance, rot immunity, AC +5
a: Curse Item, Scrying, Renounce Religion


You were on level 8 of the Dungeon.
You worshipped Ashenzari.
Ashenzari was most pleased with you.
You were not hungry.

You visited 1 branch of the dungeon, and saw 8 of its levels.

You collected 503 gold pieces.

Inventory:

Hand Weapons
 a - a +0 mace
 w - the cursed +0 long sword of the Stoat {vorpal, *Rage rF++ rC+++}
   (You found it on level 7 of the Dungeon)

   It inflicts extra damage upon your enemies.
   It greatly protects you from fire.
   It renders you almost immune to cold.
   It may make you go berserk in combat.
   It has a curse placed upon it.
 x - a cursed +1 whip of freezing (weapon)
Armour
 j - a +0 cloak (worn)
 p - a +1 scale mail (worn)
Jewellery
 d - a +2 ring of dexterity (left hand)
 t - a ring of protection from magic (right hand)
 A - a +2 ring of strength
Scrolls
 e - a scroll of blinking
 f - 2 scrolls of amnesia
 h - 6 scrolls of identify
 q - 2 scrolls of teleportation {unknown}
 u - a scroll of fog {unknown}
 y - a scroll of silence {unknown}
Potions
 b - a potion of cancellation
 g - a potion of magic {unknown}
 i - 2 potions of mutation {unknown}
 k - a potion of berserk rage {unknown}
 l - 2 potions of brilliance
 m - a potion of lignification {unknown}
 n - 2 potions of stabbing
 o - a potion of ambrosia {unknown}
 r - 2 potions of degeneration
 s - a potion of flight {unknown}
 v - a potion of resistance
 z - 3 potions of heal wounds {unknown}
 B - a potion of haste {unknown}
 C - 3 potions of curing {unknown}
Comestibles
 c - 14 rations
 D - 9 chunks of flesh


   Skills:
 + Level 6.8 Fighting
 * Level 8.3(11.2) Maces & Flails
 + Level 5.7 Armour
 - Level 2.4 Dodging
 - Level 2.1 Stealth


You had 7 spell levels left.
You didn't know any spells.
Your spell library contained the following spells:

 Spells                   Type           Power        Failure   Level  Hunger
 Foxfire                  Conj/Fire      #...         71%         1    ##.....
 Conjure Flame            Conj/Fire      #.......     97%         3    ####...
 Inner Flame              Hex/Fire       #.......     97%         3    ####...
 Sticky Flame             Conj/Fire      #.......     100%        4    #####..
 Fireball                 Conj/Fire      #.........   100%        5    ######.


Dungeon Overview and Level Annotations

Branches:
Dungeon (8/15)             Temple (0/1) D:5
   Lair: D:8-11

Altars:
Ashenzari
Okawaru


Innate Abilities, Weirdness & Mutations

You are resistant to torment.
Your stone body is resilient. (AC +5)
You are immune to poison.
You resist negative energy. (rN+)
You are resistant to electric shocks. (rElec)
You can survive without breathing.
You are immune to petrification.
You are immune to rotting.


Message History

You see here a hound corpse.
A cyclops is nearby!
The cyclops throws a large rock.
The large rock hits you!
You see here a large rock.
A cyclops is nearby!
A cyclops is nearby!
Found a stone staircase leading up.
The cyclops throws a large rock.
The large rock hits you!!
Ouch! That really hurt!
* * * LOW HITPOINT WARNING * * *
You see here a large rock.
The cyclops completely misses you.
You hit the cyclops. You freeze the cyclops.
The cyclops is lightly wounded.
You hit the cyclops. You freeze the cyclops.
The cyclops is moderately wounded.
You hit the cyclops but do no damage.
The cyclops is moderately wounded.
The cyclops hits you!!
You die...

, , *** *##,* * ,
,...#<.# , , ....##.##
, ....##..# ,
.......###+## ,,
**#..........# *
*######..........#
,,#..C@(..........#
#.###...........# ,
#...(†...#
#.##...#.##,## , ,
...##...#..#,.#
#.........##.##.# , ,
...<.......##..#.#
,.#.........###.#.####
,,#......)####........


You could see a cyclops.

Vanquished Creatures
  Pikel (D:4)
  A necrophage (D:5)
  An ogre (D:6)
  A centaur (D:5)
  A bullfrog (D:8)
  2 scorpions (D:5)
  3 howler monkeys
  5 crimson imps
  A centaur zombie (D:5)
  2 bullfrog zombies (D:5)
  3 hounds
  An orc priest (D:8)
  2 orc wizards
  Terence (D:3)
  2 worker ants
  8 adders
  A shadow imp (D:4)
  2 worms
  A dart slug (D:1)
  4 leopard geckos
  12 orcs
  A ball python (D:2)
  3 giant cockroaches
  6 goblins
  8 hobgoblins
  11 jackals
  A quokka (D:2)
  9 bats
  4 frilled lizards
  5 kobolds
  A leopard gecko zombie (D:5)
  7 rats
111 creatures vanquished.

Notes
Turn   | Place    | Note
-------+----------+-------------------------------------------
     0 | D:1      | Mrkan the Gargoyle Monk began the quest for the Orb.
     0 | D:1      | Reached XP level 1. HP: 14/14 MP: 1/1
   304 | D:1      | Reached XP level 2. HP: 18/19 MP: 2/2
   679 | D:1      | Reached skill level 1 in Armour
  1476 | D:2      | Reached XP level 3. HP: 23/23 MP: 3/3
  1607 | D:2      | HP: 1/24 [worm (1)]
  2522 | D:3      | Noticed Terence
  2536 | D:3      | Killed Terence
  2536 | D:3      | Reached skill level 4 in Maces & Flails
  2536 | D:3      | Reached XP level 4. HP: 15/29 MP: 4/4
  3380 | D:4      | Reached XP level 5. HP: 30/33 MP: 5/5
  3650 | D:4      | Noticed a slave
  3650 | D:4      | Noticed a slave
  3650 | D:4      | Noticed a slave
  3650 | D:4      | Noticed a slave
  3651 | D:4      | Noticed Pikel
  3683 | D:4      | Killed Pikel
  3683 | D:4      | Reached skill level 5 in Fighting
  3683 | D:4      | Reached skill level 6 in Maces & Flails
  3683 | D:4      | Reached XP level 6. HP: 21/40 MP: 6/6
  3683 | D:4      | Reached XP level 7. HP: 23/44 MP: 7/7
  3815 | D:4      | Found a shattered altar of Ashenzari.
  3881 | D:4      | Became a worshipper of Ashenzari the Shackled
  3881 | D:4      | Reached * piety under Ashenzari
  3881 | D:4      | Reached ** piety under Ashenzari
  4407 | D:5      | Entered Level 5 of the Dungeon
  4596 | D:5      | Reached XP level 8. HP: 44/51 MP: 8/8
  4633 | D:5      | Reached skill level 7 in Maces & Flails
  4813 | D:5      | Found a staircase to the Ecumenical Temple.
  4842 | D:5      | Reached skill level 5 in Armour
  6082 | D:7      | Identified the cursed +0 long sword of the Stoat {vorpal,
                  | *Rage rF++ rC+++}
  6282 | D:7      | Found an iron altar of Okawaru.
  6307 | D:7      | Reached skill level 8 in Maces & Flails
  6739 | D:7      | Reached *** piety under Ashenzari
  6984 | D:8      | Noticed a cyclops
  6992 | D:8      | Mangled by a cyclops

Levels and vault maps discovered:
D:1:      giann_horns, layout_basic
D:2:      layout_loops_ring
D:3:      layout_loops_ring, first_ration, uniq_terence
D:4:      layout_loops_corners, evilmike_ruin_ashenzari, uniq_pikel
D:5:      layout_cave_pools, minmay_temple_entry_arrows, st_stairs_3
D:6:      layout_basic
D:7:      layout_basic, okawaru_ov_weapons_minmay
D:8:      layout_basic, basic_altar

Skill      XL: |  1  2  3  4  5  6  7  8 |
---------------+-------------------------+-----
Armour         | 1 2 3 4 5 |  5.7
Maces & Flails | 4 6 8 |  8.3
Fighting       | 4 5 6 |  6.8
Dodging        | |  2.4
Stealth        | |  2.1

Action                   |  1- 3 |  4- 6 |  7- 9 || total
-------------------------+-------+-------+-------++-------
Melee: Mace              |   146 |   121 |       ||   267
       Whip              |       |       |   308 ||   308
Invok: Curse Item        |       |       |     1 ||     1
  Use: Potion            |     1 |       |       ||     1
       Scroll            |       |       |    10 ||    10
 Stab: Sleeping          |     1 |       |       ||     1
  Eat: Chunk             |     4 |     5 |     4 ||    13
       Ration            |       |       |     2 ||     2
Armor: Robe              |    37 |       |       ||    37
       Leather armour    |     5 |       |       ||     5
       Scale mail        |    28 |    73 |   135 ||   236
Dodge: Dodged            |   120 |    87 |   120 ||   327

Table legend:
 A = Non-vault XP
 B = Vault XP
 C = Vault XP percentage of total XP
 D = Non-vault monster count
 E = Vault monster count
 F = Vault count percentage of total count
                 A         B        C        D         E       F
            +---------+---------+-------+---------+---------+-------
      Total |    1585 |     717 |  31.1 |     108 |       3 |   2.7
            +---------+---------+-------+---------+---------+-------
        D:1 |      30 |       0 |   0.0 |      17 |       0 |   0.0
        D:2 |      47 |       0 |   0.0 |      19 |       0 |   0.0
        D:3 |      29 |      38 |  56.7 |      16 |       1 |   5.9
        D:4 |      87 |     571 |  86.8 |      10 |       1 |   9.1
        D:5 |     658 |     108 |  14.1 |      14 |       1 |   6.7
        D:6 |     192 |       0 |   0.0 |      13 |       0 |   0.0
        D:7 |     282 |       0 |   0.0 |      11 |       0 |   0.0
        D:8 |     260 |       0 |   0.0 |       8 |       0 |   0.0
            +---------+---------+-------+---------+---------+-------
